 Dungeon Crawl Stone Soup version 0.29.0-4-gdea44cf6ec (webtiles) character file.

Game seed: 12085708444938943911

289 qw the Chopper (level 6, -12/35 HPs)
             Began as a Tengu Warper on Aug 28, 2022.
             Mangled by an ogre
             ... wielding a +0 giant spiked club
              (33 damage)
             ... on level 4 of the Dungeon.
             The game lasted 00:00:22 (4273 turns).

qw the Chopper (Tengu Warper)                       Turns: 4273, Time: 00:00:23

Health: -12/35     AC: 14    Str: 14    XL:     6   Next: 31%
Magic:  10/10      EV:  8    Int: 13    God:
Gold:   220        SH:  0    Dex: 13    Spells: 9/9 levels left

rFire   . . .      SeeInvis .   Y - +0 hand axe
rCold   . . .      Faith    .   (no shield)
rNeg    . . .      Spirit   .   e - +0 chain mail
rPois   .          Reflect  .   (helmet restricted)
rElec   .          Harm     .   (no cloak)
rCorr   .          Rampage  .   m - +0 pair of gloves
Will    +....                   (boots unavailable)
Stlth   ..........              (no amulet)
HPRegen 0.11/turn               f - ring of willpower
MPRegen 0.12/turn               l - +4 ring of protection

@: flying quickly and evasively, quick
A: beak, talons 3, nimble flight
a: no special abilities


You were on level 4 of the Dungeon.
You visited 1 branch of the dungeon, and saw 4 of its levels.

You collected 220 gold pieces.


Innate Abilities, Weirdness & Mutations

You have a beak for a mouth.
You have claws for feet.
Your magical nature lets you fly swiftly and evasively.


   Skills:
 - Level 2.0 Fighting
 + Level 6.1 Axes
 - Level 1.0 Throwing
 - Level 3.6 Armour
 - Level 2.1 Dodging
 - Level 2.0 Spellcasting
 - Level 2.4 Translocations


You had 9 spell levels left.
You didn't know any spells.
Your spell library contained the following spells:

 Spells                   Type           Power      Damage    Failure   Level
 Blink                    Tloc           14%        N/A       98%         2
 Gell's Gravitas          Tloc           7%         N/A       100%        3
 Lesser Beckoning         Tloc           7%         N/A       100%        3
 Teleport Other           Tloc           7%         N/A       100%        3
 Manifold Assault         Tloc           7%         N/A       100%        5

Inventory:

Hand Weapons
 i - a +0 flail
 Y - a +0 hand axe (weapon)
Armour
 e - a +0 chain mail (worn)
 m - a +0 pair of gloves (worn)
Jewellery
 f - a ring of willpower (left hand)
 l - a +4 ring of protection (right hand)
Scrolls
 a - a scroll of identify
Potions
 b - a potion of flight {unknown}
 c - a potion of might
 d - a potion of cancellation {unknown}
 g - a potion of brilliance {unknown}
 h - a potion of mutation {unknown}
 j - a potion of ambrosia {unknown}
 k - a potion of lignification {unknown}

Dungeon Overview and Level Annotations

Branches:
Dungeon (4/15)
 Temple: D:4-7

Altars:

Shops:
D:1 :


Message History

The jackal is heavily wounded.
The jackal bites you but does no damage.
The jackal barely misses you.
You hit the jackal but do no damage. You claw the jackal.
Your peck misses the jackal.
The jackal is almost dead.
The jackal bites you but does no damage.
You hit the jackal.
You kill the jackal!
There is a fountain of clear blue water here.
You now have 220 gold pieces (gained 12).
There is a fountain of clear blue water here.
There is a fountain of sparkling water here.
There is a dry fountain here.
There is a fountain of clear blue water here.
An ogre comes into view. It is wielding a +0 giant spiked club.
The ogre shouts!
Enter note: You hit the ogre.
The ogre is lightly wounded.
The ogre barely misses you.
You hit the ogre. You claw the ogre.
The ogre is lightly wounded.
The ogre hits you with a +0 giant spiked club!
You hit the ogre but do no damage. Your kick misses the ogre.
The ogre is lightly wounded.
You hit the ogre. You claw the ogre.
The ogre is heavily wounded.
The ogre barely misses you.
You completely miss the ogre.
The ogre is heavily wounded.
You hear the slow rusting of a very distant drain.
The ogre hits you but does no damage.
You hit the ogre. You claw the ogre, but do no damage.
The ogre is heavily wounded.
You hit the ogre. Your kick misses the ogre.
The ogre is severely wounded.
The ogre hits you with a +0 giant spiked club!!
Ouch! That really hurt!
You die...

####### ###.....##
#.....#..##
..#.##.##.## ## #..
#.}.##.##
#..#.####.####.##
#..#.#.###.#..#
#O8.###.}.#.#
#....#@###.#.#..#
##....###.###..##
##..# #.}.###.# #...
#.#.#.##.## #..
#.#.###.#..# ####
#..#.}.###.}.#.# #<.
#...#.###.#.#..# #.#
#.#.####.####.#####.#
....##.}.##.###....##


You could see an ogre.

Vanquished Creatures
  Pargi (D:3)
  Robin (D:2)
  6 adders
  4 gnolls (D:3)
  4 dart slugs
  5 orcs (D:2)
  5 ball pythons
  3 endoplasms
  A giant cockroach (D:3)
  11 goblins
  8 hobgoblins
  10 jackals
  4 kobolds
  A quokka (D:3)
  6 bats
  3 frilled lizards
  5 rats
78 creatures vanquished.

Notes
Turn   | Place    | Note
-------+----------+-------------------------------------------
     0 | D:1      | qw the Tengu Warper began the quest for the Orb.
     0 | D:1      | Reached XP level 1. HP: 12/12 MP: 4/4
     0 | D:1      | 0 ||| qw: Version: 0.1-a-89-g26bdef1
     0 | D:1      | 0 ||| qw: Game counter: 3188
     0 | D:1      | 0 ||| qw: Always use a shield: true
     0 | D:1      | 0 ||| qw: God list: Okawaru
     0 | D:1      | 0 ||| qw: Allow faded altars: false
     0 | D:1      | 0 ||| qw: Do Orc after D:15 true
     0 | D:1      | 0 ||| qw: Do second Lair branch before Depths: true
     0 | D:1      | 0 ||| qw: Lair rune preference: random
     0 | D:1      | 0 ||| qw: Plans: Normal
     0 | D:1      | 0 ||| PLANNING D:1-11
    75 | D:1      | Found Enaydyrreu's Book Boutique.
    81 | D:1      | 81 ||| DROPPING scroll of blinking.
   198 | D:1      | 198 ||| Stepping ~*~*~tactically~*~*~ (hiding).
   303 | D:1      | 303 ||| Stepping ~*~*~tactically~*~*~ (hiding).
   307 | D:1      | Reached skill level 3 in Axes
   307 | D:1      | Reached XP level 2. HP: 17/17 MP: 6/6
   549 | D:1      | 549 ||| Stepping ~*~*~tactically~*~*~ (hiding).
   569 | D:1      | 569 ||| Stepping ~*~*~tactically~*~*~ (stealth).
   975 | D:1      | Reached XP level 3. HP: 21/21 MP: 7/7
  1019 | D:1      | 1019 ||| READING 2 scrolls labelled NAGAREIBLISCH.
  1020 | D:1      | 1020 ||| READING scroll labelled LECWERUCHU.
  1024 | D:1      | 1024 ||| READING scroll labelled EGRUGERODE.
  1057 | D:2      | 1057 ||| Stepping ~*~*~tactically~*~*~ (stealth).
  1059 | D:2      | 1059 ||| Stepping ~*~*~tactically~*~*~ (stealth).
  1061 | D:2      | 1061 ||| Stepping ~*~*~tactically~*~*~ (stealth).
  1118 | D:2      | 1118 ||| Stepping ~*~*~tactically~*~*~ (stealth).
  1120 | D:2      | 1120 ||| Stepping ~*~*~tactically~*~*~ (stealth).
  1123 | D:2      | 1123 ||| Stepping ~*~*~tactically~*~*~ (stealth).
  1137 | D:2      | Reached skill level 4 in Axes
  1528 | D:2      | Reached XP level 4. HP: 26/26 MP: 8/8
  1588 | D:2      | Found a faded altar of an unknown god.
  1734 | D:2      | 1734 ||| Stepping ~*~*~tactically~*~*~ (stealth).
  1752 | D:2      | 1752 ||| Stepping ~*~*~tactically~*~*~ (stealth).
  1754 | D:2      | 1754 ||| Stepping ~*~*~tactically~*~*~ (stealth).
  1794 | D:2      | 1794 ||| FLEEEEING.
  1868 | D:2      | 1868 ||| Stepping ~*~*~tactically~*~*~ (stealth).
  1905 | D:2      | Reached skill level 5 in Axes
  1946 | D:2      | Noticed Robin
  1953 | D:2      | Killed Robin
  2181 | D:2      | HP: 6/26 [poisoned by an adder]
  2182 | D:2      | 2182 ||| READING scroll of teleportation.
  2546 | D:2      | 2546 ||| UPGRADING to +0 chain mail.
  2556 | D:2      | 2556 ||| DROPPING +0 leather armour.
  2557 | D:2      | 2557 ||| READING scroll labelled YJOQUA KENU.
  2558 | D:2      | 2558 ||| READING scroll labelled IZXYSIUMUR.
  2659 | D:2      | 2659 ||| READING 3 scrolls of identify.
  2659 | D:2      | 2659 ||| IDENTIFYING silvery potion
  2660 | D:2      | 2660 ||| READING 2 scrolls of identify.
  2660 | D:2      | 2660 ||| IDENTIFYING coppery potion
  2964 | D:3      | 2964 ||| Stepping ~*~*~tactically~*~*~ (hiding).
  3023 | D:3      | Gained mutation: Your magical nature lets you fly swiftly
                  | and evasively. [Tengu growth]
  3023 | D:3      | Reached XP level 5. HP: 27/30 MP: 9/9
  3027 | D:3      | 3027 ||| Stepping ~*~*~tactically~*~*~ (stealth).
  3028 | D:3      | 3028 ||| Stepping ~*~*~tactically~*~*~ (stealth).
  3030 | D:3      | 3030 ||| Stepping ~*~*~tactically~*~*~ (stealth).
  3423 | D:3      | 3423 ||| Stepping ~*~*~tactically~*~*~ (hiding).
  3432 | D:3      | 3432 ||| Stepping ~*~*~tactically~*~*~ (hiding).
  3435 | D:3      | Reached skill level 6 in Axes
  3435 | D:3      | HP: 6/30 [gnoll/+0 spear (3)]
  3436 | D:3      | 3436 ||| Stepping ~*~*~tactically~*~*~ (stealth).
  3438 | D:3      | 3438 ||| READING scroll of teleportation.
  3439 | D:3      | 3439 ||| DRINKING potion of heal wounds.
  3456 | D:3      | 3456 ||| FLEEEEING.
  3457 | D:3      | 3457 ||| FLEEEEING.
  3458 | D:3      | 3458 ||| FLEEEEING.
  3459 | D:3      | 3459 ||| FLEEEEING.
  3473 | D:3      | 3473 ||| Stepping ~*~*~tactically~*~*~ (hiding).
  3474 | D:3      | 3474 ||| Stepping ~*~*~tactically~*~*~ (hiding).
  3615 | D:3      | 3615 ||| DROPPING +0 whip.
  3616 | D:3      | Noticed Pargi
  3638 | D:3      | Killed Pargi
  3639 | D:3      | Reached skill level 3 in Armour
  3639 | D:3      | Reached XP level 6. HP: 13/35 MP: 10/10
  4148 | D:3      | 4148 ||| UPGRADING to +0 pair of gloves.
  4153 | D:3      | 4153 ||| UPGRADING to ring of willpower.
  4154 | D:3      | 4154 ||| UPGRADING to +4 ring of protection.
  4155 | D:3      | 4155 ||| DROPPING ring of wizardry.
  4156 | D:3      | 4156 ||| READING scroll labelled SOTZUA MEZXA.
  4164 | D:4      | 4164 ||| PLANNING SEWER
  4273 | D:4      | Mangled by an ogre

Levels and vault maps discovered:
D:1:      lemuel_arrival_rhombus, layout_basic, serial_shops, shop
D:2:      layout_basic, hellmonk_ecumenical_altar_lost_god, uniq_robin
D:3:      layout_basic, uniq_pargi
D:4:      layout_loops_cross, lemuel_crystal_altar, temple_doors_ab,
          gammafunk_ghost_smash, lightli_sewer_entry_pipes,
          kennysheep_cross_room, grunt_decor_mini_mirrors

Skill      XL: |  1  2  3  4  5 |
---------------+----------------+-----
Axes           | 3 4 5 6 |  6.1
Armour         | 3 |  3.6
Fighting       | |  2.0
Throwing       | |  1.0
Dodging        | |  2.1
Spellcasting   | |  2.0
Translocations | |  2.4

Action                   |  1- 3 |  4- 6 || total
-------------------------+-------+-------++-------
Melee: Hand axe          |    77 |   172 ||   249
       Kick              |    20 |    45 ||    65
       Peck              |     6 |    22 ||    28
       Punch             |       |     1 ||     1
Throw: Boomerang         |     7 |       ||     7
  Use: Scroll            |     3 |     7 ||    10
       Potion            |       |     1 ||     1
Armor: Leather armour    |    22 |     9 ||    31
       Chain mail        |       |    68 ||    68
Dodge: Dodged            |    38 |    91 ||   129

Table legend:
 A = Non-vault XP
 B = Vault XP
 C = Vault XP percentage of total XP
 D = Non-vault monster count
 E = Vault monster count
 F = Vault count percentage of total count
                 A         B        C        D         E       F
            +---------+---------+-------+---------+---------+-------
      Total |     242 |     171 |  41.4 |      65 |      13 |  16.7
            +---------+---------+-------+---------+---------+-------
        D:1 |      34 |       0 |   0.0 |      18 |       0 |   0.0
        D:2 |      75 |      37 |  33.0 |      13 |      12 |  48.0
        D:3 |     119 |     134 |  53.0 |      27 |       1 |   3.6
        D:4 |      14 |       0 |   0.0 |       7 |       0 |   0.0
            +---------+---------+-------+---------+---------+-------
